 Dungeon Crawl Stone Soup version 0.27-a0-3-gcf006a40f5 (webtiles) character file.

4617 namoto the Protected (level 10, -3/63 HPs)
             Began as a Gargoyle Gladiator on Mar 19, 2016.
             Was a Believer of Nemelex Xobeh.
             Slain by a blink frog (9 damage)
             ... on level 8 of the Dungeon on Jan 1, 2021.
             The game lasted 02:43:58 (5593 turns).

namoto the Protected (Gargoyle Gladiator)           Turns: 5593, Time: 02:43:58

Health: -3/63      AC: 28    Str: 21    XL:     10   Next: 42%
Magic:  10/10      EV:  9    Int:  7    God:    Nemelex Xobeh [**....]
Gold:   360        SH:  0    Dex: 11    Spells: 9/9 levels left

rFire    . . .     SeeInvis .   y - +4 quarterstaff (chaos)
rCold    . . .     Faith    .   (shield currently unavailable)
rNeg     + . .     Spirit   .   x - +1 chain mail
rPois    ∞         Reflect  .   c - +0 helmet
rElec    +         Harm     .   A - +0 cloak
rCorr    .         Rampage  .   (no gloves)
Will     ++...                  e - +0 pair of boots
Stlth    ..........             (no amulet)
HPRegen  0.20/turn              o - +5 ring of protection
MPRegen  0.12/turn              F - ring of willpower

@: no status effects
A: dopey 1, strong-willed 1, negative energy resistance 1, electricity
resistance, unbreathing, petrification resistance, miasma immunity, AC +7
a: Renounce Religion, Draw Escape, Draw Destruction, Draw Summoning


You were on level 8 of the Dungeon.
You worshipped Nemelex Xobeh.
Nemelex Xobeh was pleased with you.
You visited 2 branches of the dungeon, and saw 9 of its levels.

You collected 360 gold pieces.

Inventory:

Hand Weapons
 a - a +0 quarterstaff
 y - a +4 quarterstaff of chaos (weapon)
 G - a +0 dagger of electrocution
Missiles
 d - 3 throwing nets (quivered)
 i - 187 stones
 j - 5 poisoned darts
 E - 26 sling bullets
 I - 3 curare-tipped darts
Armour
 c - a +0 helmet (worn)
 e - a +0 pair of boots (worn)
 r - +0 steam dragon scales
 x - a +1 chain mail (worn)
 A - a +0 cloak (worn)
Jewellery
 k - an uncursed ring of fire
 l - an uncursed ring of flight
 o - a +5 ring of protection (left hand)
 F - a ring of willpower (right hand)
 K - an uncursed ring of resist corrosion {unknown}
Wands
 g - a wand of iceblast
 p - a wand of flame (23)
 u - a wand of random effects (20)
 B - a wand of digging (15)
 D - a wand of polymorph (12)
 L - a wand of disintegration (7)
Scrolls
 s - 3 scrolls of remove curse
 v - a scroll of enchant armour
 z - a scroll of random uselessness {unknown}
 H - a scroll of fog
 J - a scroll of fear
Potions
 b - a potion of mutation {unknown}
 h - a potion of heal wounds {unknown}
 m - a potion of curing {unknown}
 n - a potion of flight {unknown}
 w - a potion of lignification {unknown}
Comestibles
 f - 7 removed foods
 q - 3 removed foods
 t - a removed food
 C - a removed food


   Skills:
 - Level 7.0 Fighting
 - Level 8.8 Staves
 - Level 1.7 Throwing
 + Level 9.4 Armour
 - Level 2.4 Dodging
 + Level 5.9 Evocations


You had 9 spell levels left.
You didn't know any spells.
Your spell library was empty.

Dungeon Overview and Level Annotations

Branches:
Dungeon (8/15)             Temple (0/1) D:5            Lair (1/8) D:8

Altars:
Ashenzari
Dithmenos
Gozag
Nemelex Xobeh
Okawaru
Sif Muna


Innate Abilities, Weirdness & Mutations

You are resistant to torment.
Your stone body is resilient. (AC +7)
You are immune to poison.
You resist negative energy. (rN+)
You are resistant to electric shocks. (rElec)
You can survive without breathing.
You are immune to petrification.
You are immune to miasma.
You are dopey. (Int -2)
You are strong-willed. (Will+)


Message History

The blink frog looks faint for a moment!
The blink frog is poisoned.
You feel a surge of magic.
The deck of cards disappears without a trace.
The blink frog blinks!
You sock the blink frog!
The blink frog goes berserk!
The blink frog is severely wounded.
The blink frog hits you!!
* * * LOW HITPOINT WARNING * * *
The blink frog barely misses you.
You miss the blink frog.
The blink frog is severely wounded.
The blink frog hits you but does no damage.
The blink frog hits you.
* * * LOW HITPOINT WARNING * * *
The blink frog blinks!
You start resting.
A blink frog is nearby!
The blink frog hits you!
You die...
Your body glows with a rainbow of weird colours and disappears.

#.# #.# ### ### ###
###.###.####### #
####.#......##.÷[#
.##.#........#...#.###
#.##.....#......####.#
##.............#F###.#
......)#........@.#†.#
...######...####..>###
#.#..# #..### #.#..#
..#### ###..# #...##
### #### #####


You could see a blink frog (berserk, poisoned).

Vanquished Creatures
  The ghost of Duffy the Shield-Bearer, a novice FoFi (D:4)
  A komodo dragon (D:8)
  A hornet (D:8)
  2 blink frogs (Lair:1)
  A slime creature (D:8)
  A steam dragon (D:8)
  A removed hungry ghost (D:8)
  A water moccasin (D:8)
  2 ice beasts
  A sky beast (D:8)
  A black bear (shapeshifter) (D:8)
  A necrophage (D:8)
  4 ogres
  A centaur (D:8)
  A big kobold (D:6)
  3 ghosts (D:8)
  A gnoll sergeant (D:6)
  2 bullfrogs (D:8)
  A water moccasin zombie (D:5)
  A scorpion (D:6)
  2 killer bees (D:6)
  A howler monkey (D:6)
  A howler monkey (shapeshifter) (D:5)
  3 crimson imps
  A jelly (D:8)
  An orc priest (D:5)
  6 hounds
  Crazy Yiuf (D:5)
  A centaur skeleton (D:4)
  Jessica (D:3)
  2 bullfrog skeletons (D:6)
  Natasha (thrice) (D:3)
  Terence (D:3)
  3 iguanas
  6 orc wizards
  9 worker ants
  A hound skeleton (D:8)
  A worker ant zombie (D:8)
  12 adders
  7 gnolls (D:6)
  A river rat (D:6)
  An adder skeleton (D:5)
  An adder zombie (D:6)
  3 worms
  2 dart slugs
  6 leopard geckos
  12 orcs
  7 bats
  5 giant cockroaches
  4 goblins
  8 hobgoblins
  6 jackals
  6 quokkas
  4 ball pythons
  4 frilled lizards
  A jackal skeleton (D:7)
  8 kobolds
  A leopard gecko skeleton (D:5)
  6 rats
177 creatures vanquished.

Vanquished Creatures (others)
  A slime creature (D:8)
  An orc (D:8)
2 creatures vanquished.

Grand Total: 179 creatures vanquished

Notes
Turn   | Place    | Note
-------+----------+-------------------------------------------
     0 | D:1      | namoto the Gargoyle Gladiator began the quest for the Orb.
     0 | D:1      | Reached XP level 1. HP: 12/12 MP: 1/1
   160 | D:1      | Reached XP level 2. HP: 18/18 MP: 2/2
   668 | D:2      | Reached XP level 3. HP: 19/23 MP: 3/3
   843 | D:2      | Reached XP level 4. HP: 18/28 MP: 4/4
  1146 | D:2      | Found a shattered altar of Ashenzari.
  1681 | D:3      | Found a sparkling altar of Nemelex Xobeh.
  1681 | D:3      | Found an opulent altar of Gozag.
  1703 | D:3      | Became a worshipper of Nemelex Xobeh the Trickster
  1848 | D:3      | Noticed Jessica
  1852 | D:3      | Killed Jessica
  1852 | D:3      | Reached XP level 5. HP: 21/33 MP: 5/5
  2051 | D:3      | Noticed Terence
  2054 | D:3      | Killed Terence
  2127 | D:3      | Noticed Natasha
  2133 | D:3      | Killed Natasha
  2135 | D:3      | Received a gift from Nemelex Xobeh
  2254 | D:3      | Noticed Natasha
  2259 | D:3      | Killed Natasha
  2259 | D:3      | Reached skill level 5 in Staves
  2272 | D:3      | Noticed Natasha
  2278 | D:3      | Killed Natasha
  2278 | D:3      | Reached XP level 6. HP: 32/40 MP: 6/6
  2319 | D:4      | Noticed Duffy's ghost (novice FoFi)
  2346 | D:4      | Killed Duffy's ghost
  2346 | D:4      | Reached XP level 7. HP: 13/46 MP: 7/7
  2569 | D:4      | Reached * piety under Nemelex Xobeh
  2673 | D:4      | Got a twisted ring mail
  2705 | D:3      | Identified the cursed +0 ring mail "Rioguh" {rCorr Int+2}
                  | (You found it on level 4 of the Dungeon)
  3061 | D:4      | Reached XP level 8. HP: 51/53 MP: 8/8
  3076 | D:5      | Entered Level 5 of the Dungeon
  3076 | D:5      | Found a staircase to the Ecumenical Temple.
  3076 | D:5      | Received a gift from Nemelex Xobeh
  3097 | D:4      | Reached skill level 1 in Armour
  3275 | D:5      | Reached skill level 2 in Armour
  3385 | D:5      | Reached skill level 3 in Armour
  3707 | D:5      | Noticed Crazy Yiuf
  3712 | D:5      | Killed Crazy Yiuf
  3712 | D:5      | Reached skill level 4 in Armour
  4019 | D:6      | Reached skill level 5 in Armour
  4080 | D:6      | Reached XP level 9. HP: 55/57 MP: 9/9
  4114 | D:6      | Found a shadowy altar of Dithmenos.
  4378 | D:6      | Upgraded the game from 0.18-a0-1577-gf591c28 to
                  | 0.18-a0-1643-gb89d9db
  4407 | D:7      | Reached ** piety under Nemelex Xobeh
  4407 | D:7      | Received a gift from Nemelex Xobeh
  4458 | D:7      | Reached skill level 6 in Armour
  4621 | D:7      | Reached skill level 1 in Evocations
  4883 | D:8      | Received a gift from Nemelex Xobeh
  4970 | D:8      | Noticed a hornet
  5009 | D:8      | Killed a hornet
  5009 | D:8      | Reached skill level 7 in Armour
  5068 | D:8      | Reached skill level 8 in Armour
  5088 | D:8      | Found a shimmering blue altar of Sif Muna.
  5145 | D:8      | Found an iron altar of Okawaru.
  5149 | D:8      | Reached XP level 10. HP: 54/63 MP: 13/13
  5180 | D:8      | Upgraded the game from 0.24-a0-698-g60d090ba07 to
                  | 0.27-a0-3-gcf006a40f5
  5208 | D:8      | Reached skill level 5 in Evocations
  5252 | D:8      | Found a staircase to the Lair.
  5258 | D:8      | Gained mutation: You are frail. (-10% HP) [potion of
                  | mutation]
  5258 | D:8      | Gained mutation: Your spells are a little easier to cast,
                  | but a little less powerful. [potion of mutation]
  5258 | D:8      | Gained mutation: You are very frail. (-20% HP) [potion of
                  | mutation]
  5258 | D:8      | Gained mutation: Your mind is acute. (Int +2) [potion of
                  | mutation]
  5263 | D:8      | Reached skill level 9 in Armour
  5536 | D:8      | Lost mutation: You are very frail. (-20% HP) [potion of
                  | mutation]
  5536 | D:8      | Lost mutation: You are frail. (-10% HP) [potion of
                  | mutation]
  5536 | D:8      | Lost mutation: Your mind is acute. (Int +2) [potion of
                  | mutation]
  5536 | D:8      | Gained mutation: You are strong-willed. (Will+) [potion of
                  | mutation]
  5536 | D:8      | Gained mutation: You are dopey. (Int -2) [potion of
                  | mutation]
  5536 | D:8      | Lost mutation: Your spells are a little easier to cast, but
                  | a little less powerful. [potion of mutation]
  5570 | Lair:1   | Entered Level 1 of the Lair of Beasts
  5593 | D:8      | Slain by a blink frog

Illustrated notes

Levels and vault maps discovered:
D:1:      dpeg_arrival_concentric_ovals
D:2:      nicolae_ashenzari_panopticon
D:3:      grunt_temple_overflow_opulence, uniq_natasha, uniq_terence,
          uniq_jessica
D:5:      lemuel_ice_spiral_2, minmay_temple_entry_trees, first_bread,
          hex_large, uniq_crazy_yiuf_cottage
D:6:      basic_altar
D:7:      grunt_ogre_cave, david_defended_altar_elf
D:8:      layout_loops_ring, overflow_temple_1_default, erik_lair_dragon,
          okawaru_gym_becter
Lair:1:   layout_long_grid, grunt_forest_large_clearing_hut,
          serial_bayou_shore_b, uniq_erica

Skill      XL: |  1  2  3  4  5  6  7  8  9 10 |
---------------+-------------------------------+-----
Fighting       | 3 4 6 7 |  7.0
Staves         | 4 5 6 8 |  8.8
Armour         | 5 8 9 |  9.4
Evocations     | 4 5 |  5.9
Throwing       | |  1.7
Dodging        | |  2.4

Action                   |  1- 3 |  4- 6 |  7- 9 | 10-12 || total
-------------------------+-------+-------+-------+-------++-------
Melee: Quarterstaff      |   102 |   105 |   302 |       ||   509
       Quarterstaff      |       |       |    80 |    56 ||   136
Throw: Throwing net      |     3 |     2 |       |       ||     5
       Stone             |       |    22 |    12 |       ||    34
Invok: Draw Destruction  |       |       |       |     3 ||     3
 Abil: Draw Destruction  |       |       |     4 |       ||     4
Evoke: Club              |       |     4 |    10 |       ||    14
       Hammer            |       |     5 |    10 |       ||    15
  Use: Scroll            |       |     7 |     4 |       ||    11
       Potion            |       |       |       |     2 ||     2
 Stab: Distracted        |     1 |       |       |       ||     1
       Held in net/web   |       |     1 |       |       ||     1
       Petrified         |       |       |     3 |       ||     3
       Confused          |       |       |     2 |       ||     2
       Paralysed         |       |       |       |     1 ||     1
  Eat: Removed food      |       |     5 |     6 |       ||    11
       Removed food      |       |       |     1 |       ||     1
       Removed food      |       |       |     1 |       ||     1
       Removed food      |       |       |       |     1 ||     1
Armor: Chain mail        |       |       |    68 |    41 ||   109
Dodge: Dodged            |       |       |    19 |    19 ||    38

Table legend: (Time is in decaauts)
 A = Elapsed time spent in this place.
 B = Non-inter-level travel time spent in this place.
 C = Inter-level travel time spent in this place.
 D = Time resting spent in this place.
 E = Time spent auto-exploring this place.
 F = Levels seen in this place.
 G = Mean time per level.
                   A        B        C        D        E       F      G
               +--------+--------+--------+--------+--------+-----+--------+
         Total |   2347 |   2339 |      8 |    276 |    151 |   9 |  260.8 |
       Dungeon |   2337 |   2329 |      8 |    276 |    151 |   8 |  292.1 |
          Lair |      9 |      9 |      0 |      0 |      0 |   1 |    9.0 |
               +--------+--------+--------+--------+--------+-----+--------+

Top non-repeatable levels by time:
     D:8: 396 daAuts
  Lair:1: 9 daAuts
Note: time per level data comes from an upgraded game and may be incomplete.
